 Dungeon Crawl Stone Soup version 0.19-a0-1223-gf83d13a (webtiles) character file.

722 4thArraOfDagon the Firebug (level 7, -6/36 HPs)
             Began as a Deep Elf Fire Elementalist on Aug 24, 2016.
             Mangled by a giant frog (9 damage)
             ... on level 7 of the Dungeon.
             The game lasted 00:06:22 (889 turns).

4thArraOfDagon the Firebug (DEFE)                    Turns: 889, Time: 00:06:23

Health: -6/36      AC:  3    Str:  2 (5)  XL:     7   Next: 43%
Magic:  1/17       EV: 13    Int: 20 (22) God:
Gold:   85         SH:  0    Dex: 14 (15) Spells: 4 memorised, 4 levels left

rFire  . . .     SeeInvis .     f - +0 spear
rCold  . . .     Gourm    .     a - +1 robe
rNeg   . . .     Faith    .     (no shield)
rPois  .         Spirit   .     (no helmet)
rElec  .         Dismiss  .     (no cloak)
rCorr  .         Reflect  .     (no gloves)
MR     .....     Harm     .     (no boots)
Stlth  ++........               m - amulet of regeneration
                                (no ring)
                                (no ring)

@: very slightly contaminated
A: no striking features
a: no special abilities


You were on level 7 of the Dungeon.
You were hungry.

You visited 1 branch of the dungeon, and saw 7 of its levels.
You also visited: Ossuary.

You collected 85 gold pieces.

Inventory:

Hand Weapons
 e - a +0 whip
 f - a +0 spear (weapon)
Armour
 a - a +1 robe (worn)
Magical Staves
 i - an uncursed staff of earth
Jewellery
 m - an amulet of regeneration (around neck)
Scrolls
 j - a scroll of teleportation {unknown}
Books
 b - a book of Flames

   Spells                             Type                      Level
   a - Flame Tongue                   Conjuration/Fire             1
   b - Throw Flame                    Conjuration/Fire             2
   c - Conjure Flame                  Conjuration/Fire             3
   d - Inner Flame                    Hexes/Fire                   3
   e - Sticky Flame                   Conjuration/Fire             4
   f - Fireball                       Conjuration/Fire             5
 g - a book of the Tempests

   Spells                             Type                      Level
   a - Static Discharge               Conjuration/Air              3
   b - Lightning Bolt                 Conjuration/Air              5
   c - Fireball                       Conjuration/Fire             5
   d - Tornado                        Air                          9
   e - Shatter                        Earth                        9
Comestibles
 c - a bread ration
 d - a beef jerky
 h - a chunk of flesh


   Skills:
 - Level 2.4 Dodging
 - Level 2.4 Stealth
 + Level 5.8 Spellcasting
 * Level 5.7 Conjurations
 * Level 6.4 Fire Magic


You had 4 spell levels left.
You knew the following spells:

 Your Spells              Type           Power        Failure   Level  Hunger
a - Flame Tongue          Conj/Fire      ####.        1%          1    None
b - Sticky Flame          Conj/Fire      ####....     10%         4    ####...
c - Conjure Flame         Conj/Fire      ####....     2%          3    ##.....
d - Fireball              Conj/Fire      ####......   24%         5    #####..


Dungeon Overview and Level Annotations

Branches:
Dungeon (7/15)
 Temple: D:4-7

Altars:
Fedhas

Shops:
D:5 [


Message History

The giant frog hits you.
* * * LOW HITPOINT WARNING * * *
Unknown command.
Unknown command.
The giant frog burns!
The giant frog hits you.
* * * LOW HITPOINT WARNING * * *
Found 21 gold pieces.
Unknown command.
Unknown command.
The giant frog burns!
Unknown command.
The giant frog burns!
The giant frog hits you.
* * * LOW HITPOINT WARNING * * *
Unknown command.
Unknown command.
The giant frog burns!
The giant frog stops burning.
Unknown command.
Unknown command.
The giant frog hits you!
You die...

........... .. ##.##.. ..##..#...
#.. .....#
#####....#..#####.####...# .
............#.........#..## >F.
.....#................#...# ....
......#...............##((###...?
....#.................o.......#.
....#.............5.o.#.....#...#
.##.#...........@F............###
......#............?..........#
#####.........######.#.......## #
##............#.........##
#.#.....###.............#
#.##...####..<..........##
#.#......................##
#.........#...............#
#.........#(..............#


You could see a giant frog, a shadow imp and 2 orcs.

Vanquished Creatures
  2 phantoms (D:5)
  3 ogres
  2 giant frogs
  A scorpion (D:5)
  A jelly (D:7)
  A hound (D:5)
  A worker ant (D:5)
  2 adders
  A dart slug (D:2)
  3 orcs (D:3)
  A giant cockroach (D:7)
  A goblin (D:3)
  A hobgoblin (D:3)
  2 jackals (D:7)
  A kobold skeleton (Ossuary)
  2 rats
25 creatures vanquished.

Notes
Turn   | Place    | Note
-------+----------+-------------------------------------------
     0 | D:1      | 4thArraOfDagon the Deep Elf Fire Elementalist began the quest for the Orb.
     0 | D:1      | Reached XP level 1. HP: 10/10 MP: 6/6
    26 | D:2      | Reached XP level 2. HP: 15/15 MP: 5/8
   215 | D:4      | Noticed a giant frog
   216 | D:4      | BLAH
   216 | D:4      | RIP
   216 | D:4      | DIED OFF FROG
   220 | D:4      | Killed a giant frog
   220 | D:4      | Reached skill level 4 in Fire Magic
   220 | D:4      | Reached XP level 3. HP: 8/19 MP: 2/10
   220 | D:4      | Reached XP level 4. HP: 10/24 MP: 2/12
   250 | D:4      | Learned a level 4 spell: Sticky Flame
   254 | D:4      | Learned a level 3 spell: Conjure Flame
   257 | D:4      | Ultraviolent4: you just had to beliefve
   275 | D:5      | Entered Level 5 of the Dungeon
   287 | D:5      | Noticed a phantom
   292 | D:5      | 4thArraOfDagon: ya
   292 | D:5      | 4thArraOfDagon: stay
   292 | D:5      | 4thArraOfDagon: p
   321 | D:5      | Found Boamibb's Armour Emporium.
   353 | D:6      | Noticed a black bear
   378 | D:5      | Noticed a phantom
   401 | D:5      | Reached XP level 5. HP: 5/28 MP: 0/13
   442 | D:5      | Killed a phantom
   442 | D:5      | Reached skill level 5 in Fire Magic
   456 | D:5      | 4thArraOfDagon: i have to believe in something
   528 | D:5      | Killed a phantom
   528 | D:5      | Reached skill level 5 in Spellcasting
   528 | D:5      | Reached XP level 6. HP: 9/32 MP: 0/15
   535 | D:5      | Learned a level 5 spell: Fireball
   547 | D:5      | Ultraviolent4: such good xp off those
   697 | D:7      | Reached skill level 5 in Conjurations
   697 | D:7      | Reached skill level 6 in Fire Magic
   697 | D:7      | Reached XP level 7. HP: 32/36 MP: 9/17
   757 | D:7      | Found a blossoming altar of Fedhas.
   781 | D:6      | Found a sand-covered staircase.
   788 | Ossuary  | Entered an ossuary
   798 | Ossuary  | 4thArraOfDagon: wow this is uber bad layout
   889 | D:7      | Mangled by a giant frog

Vault maps used:
D:1:      roderic_crossed_star
D:2:      first_bread, uniq_jessica
D:3:      uniq_grinder, uniq_terence
D:4:      serial_forest, infiniplex_forest_lined_2,
          infiniplex_forest_straight_3, infiniplex_forest_zigzag_1,
          infiniplex_forest_straight_2, infiniplex_forest_zigzag_1,
          infiniplex_forest_clump_diagonal
D:5:      serial_shops, kennysheep_mini
D:6:      makhleb_blood_cavern_becter, enter_ossuary_4
D:7:      lemuel_coloured_pillars_altar, basic_altar
Ossuary:  ossuary_due_small_catacomb

Skill      XL: |  1  2  3  4  5  6 |
---------------+-------------------+-----
Conjurations   | 2 3 4 5 |  5.7
Spellcasting   | 4 5 |  5.8
Fire Magic     | 4 5 6 |  6.4
Dodging        | |  2.4
Stealth        | |  2.4

Action                   |  1- 3 |  4- 6 |  7- 9 || total
-------------------------+-------+-------+-------++-------
Melee: Whip              |     3 |       |       ||     3
       Spear             |     1 |    20 |       ||    21
       Staff             |       |     1 |       ||     1
 Cast: Flame Tongue      |    16 |    34 |    13 ||    63
       Sticky Flame      |       |     2 |     5 ||     7
       Conjure Flame     |       |     2 |       ||     2
  Use: Potion            |     1 |       |     2 ||     3
       Scroll            |       |     5 |       ||     5
 Stab: Sleeping          |     1 |       |       ||     1
  Eat: Chunk             |       |       |     1 ||     1
Armor: Robe              |       |       |     4 ||     4
Dodge: Dodged            |     1 |     7 |    10 ||    18
